 Dungeon Crawl Stone Soup version 0.30-a0-918-g0ff054e9dc (webtiles) character file.

Game seed: 16591957906765530667

337 cforsyth the Trooper (level 6, -8/49 HPs)
             Began as a Human Fighter on Mar 21, 2023.
             Mangled by a gnoll
             ... wielding a +0 flail
             ... led by a gnoll bouda
              (10 damage)
             ... on level 4 of the Dungeon.
             The game lasted 00:03:03 (2881 turns).

cforsyth the Trooper (Human Fighter)                Turns: 2881, Time: 00:03:04

Health: -8/49      AC:  8    Str: 18    XL:     6   Next: 85%
Magic:  6/6        EV:  9    Int:  8    God:
Gold:   144        SH:  5    Dex: 13    Spells: 5/5 levels left

rFire   . . .      SeeInvis .    a - +0 flail
rCold   + . .      Faith    .    c - +0 buckler
rNeg    . . .      Spirit   .    b - +0 scale mail
rPois   .          Reflect  .    (no helmet)
rElec   .          Rampage  .    (no cloak)
rCorr   .                        e - +0 pair of gloves
Will    .....                    (no boots) Stlth
                                 r - amulet of regeneration
HPRegen 1.08/turn                g - ring of protection from cold
MPRegen 0.10/turn                (no ring)

@: attractive
A: no striking features
a: no special abilities


You were on level 4 of the Dungeon.
You visited 1 branch of the dungeon, and saw 4 of its levels.

You collected 144 gold pieces.

Inventory:

Hand Weapons
 a - a +0 flail (weapon)
Armour
 b - a +0 scale mail (worn)
 c - a +0 buckler (worn)
 e - a +0 pair of gloves (worn)
Jewellery
 g - a ring of protection from cold (left hand)
 r - an amulet of regeneration (around neck)
Scrolls
 f - 6 scrolls of teleportation {unknown}
 j - a scroll of torment {unknown}
 k - a scroll of noise {unknown}
 l - 3 scrolls of identify {unknown}
 o - a scroll of enchant weapon {unknown}
 t - a scroll of fear {unknown}
 u - a scroll of enchant armour {unknown}
Potions
 d - 2 potions of might
 h - a potion of heal wounds {unknown}
 i - 2 potions of curing {unknown}
 m - a potion of magic {unknown}
 n - 2 potions of attraction
 p - 2 potions of haste {unknown}
 q - a potion of flight {unknown}
 s - a potion of invisibility {unknown}


   Skills:
 + Level 4.4 Fighting
 + Level 3.7 Maces & Flails
 + Level 4.3 Armour
 + Level 4.3 Shields


You had 5 spell levels left.
You didn't know any spells.
Your spell library contained the following spells:

 Spells                   Type           Power      Damage    Failure   Level
 Sandblast                Erth           0%         2d4       86%         1
 Ensorcelled Hibernation  Hex/Ice        0%         N/A       95%         2
 Passwall                 Tmut/Erth      0%         N/A       95%         2
 Spider Form              Tmut/Pois      0%         N/A       99%         3
 Stone Arrow              Conj/Erth      0%         3d7       99%         3
 Anguish                  Hex/Necr       0%         N/A       100%        4


Dungeon Overview and Level Annotations

Branches:
Dungeon (4/15)             Temple (0/1) D:4

Altars:


Message History

You feel your attacks grow feeble. The gnoll bouda completely misses you.
You block the scorpion's attack. The gnoll closely misses you.
The gnoll hits you from afar with a +0 spear.
The gnoll is no longer moving quickly.
You see here a scroll labelled VUTODGHEZEJI.
The scorpion attacks as you move away!
The scorpion stings you but does no damage.
The gnoll attacks as you move away! The gnoll hits you with a +0 flail.
The scorpion attacks as you move away! You block the scorpion's attack.
Your attacks no longer feel as feeble.
The gnoll is no longer moving quickly.
The scorpion stings you but does no damage.
The scorpion attacks as you move away! The scorpion stings you.
The gnoll bouda barks out a call to the hunt!
The gnolls pick up the pace!
The scorpion attacks as you move away! You block the scorpion's attack.
The gnoll attacks as you move away! You block the gnoll's attack.
The scorpion attacks as you move away! The scorpion barely misses you.
The gnoll attacks as you move away! The gnoll hits you with a +0 flail.
The gnoll hits you with a +0 flail. The gnoll attacks as you move away!
The gnoll hits you with a +0 flail!
* * * LOW HITPOINT WARNING * * *
The gnoll attacks as you move away! You block the gnoll's attack. x2
The gnoll attacks as you move away! You block the gnoll's attack.
The gnoll barely misses you. The gnoll attacks as you move away!
The gnoll hits you with a +0 flail!
* * * LOW HITPOINT WARNING * * *
The gnoll attacks as you move away! You block the gnoll's attack.
The gnoll is no longer moving quickly.
The gnoll bouda barks out a call to the hunt!
The gnoll picks up the pace!
The gnoll hits you with a +0 flail.
* * * LOW HITPOINT WARNING * * *
The gnoll hits you from afar with a +0 spear.
* * * LOW HITPOINT WARNING * * *
It was a potion of attraction.
You feel attractive to monsters. You block the gnoll's attack.
The gnoll hits you with a +0 flail!
You die...

#...... ###################
#.#####
..................#########.#
......###......##.........#.##
#..............##............#
#.###.##.......##.......).#..###
#.###.##.....>.##.g.......#....#
#.##(..#...[...##.###.....#....#
.......'......<.@gsg..g....>...#
####...#.##...###.#######.#....#
.......))#....'.#... #.#....#
####...[<#....#.#^##.# #.#....#
####.).###....#.#### # #.#....#
...#.).......##....# #.#..?.#
##...#####.#.#####.# #.#.#.##
.###.#.......# #.# ..#..)... .#
#..#.##...#####.# #...#...#


You could see a gnoll bouda, a scorpion and 3 gnolls.

Vanquished Creatures
  A phantom (D:4)
  A jelly (D:4)
  A gnoll bouda (D:3)
  An orc wizard (D:3)
  6 gnolls
  6 adders
  A dart slug (D:1)
  5 orcs
  5 bats
  6 endoplasms
  3 giant cockroaches
  6 goblins
  10 hobgoblins
  4 kobolds
  2 quokkas (D:1)
  4 ball pythons
  3 rats
65 creatures vanquished.

Vanquished Creatures (others)
  2 plants (D:4)
2 creatures vanquished.

Grand Total: 67 creatures vanquished

Notes
Turn   | Place    | Note
-------+----------+-------------------------------------------
     0 | D:1      | cforsyth the Human Fighter began the quest for the Orb.
     0 | D:1      | Reached XP level 1. HP: 18/18 MP: 1/1
   154 | D:1      | Reached XP level 2. HP: 20/24 MP: 2/2
   871 | D:2      | Reached XP level 3. HP: 29/29 MP: 3/3
  1288 | D:2      | Reached XP level 4. HP: 22/35 MP: 4/4
  1469 | D:2      | Identified the +2 dagger "Xungeuggur" {antimagic, Drain
                  | rCorr Str+7 SInv}
  2279 | D:4      | Noticed a phantom
  2301 | D:4      | Killed a phantom
  2302 | D:4      | Reached XP level 5. HP: 34/42 MP: 5/5
  2436 | D:4      | Reached XP level 6. HP: 34/48 MP: 6/6
  2855 | D:4      | Found a staircase to the Ecumenical Temple.
  2880 | D:4      | HP: 1/49 [gnoll/+0 spear[a gnoll bouda] (4)]
  2881 | D:4      | Mangled by a gnoll

Illustrated notes

Levels and vault maps discovered:
D:1:      eino_arrival_water_star, layout_loops_corners, fountainhead
D:2:      layout_loops_ring
D:3:      layout_loops_cross, serial_glass, glass_columns_a, glass_columns_a,
          serial_park_tiny_2, grunt_decor_fettered, minmay_surrounded
D:4:      corexii_shack_village, layout_basic, minmay_temple_entry_mini_moons

Skill      XL: |  1  2  3  4  5 |
---------------+----------------+-----
Maces & Flails | 3 |  3.7
Fighting       | 4 |  4.4
Shields        | 4 |  4.3
Armour         | 4 |  4.3

Action                     |  1- 3 |  4- 6 || total
---------------------------+-------+-------++-------
  Melee: Flail             |    84 |   145 ||   229
    Use: Potion            |       |     1 ||     1
 Armour: Scale mail        |    42 |    72 ||   114
  Dodge: Dodged            |    37 |    85 ||   122
  Block: Buckler           |    16 |    57 ||    73

Table legend: (Time is in decaauts)
 A = Elapsed time spent in this place.
 B = Non-inter-level travel time spent in this place.
 C = Inter-level travel time spent in this place.
 D = Time resting spent in this place.
 E = Time spent auto-exploring this place.
 F = Levels seen in this place.
 G = Mean time per level.
                   A        B        C        D        E       F      G
               +--------+--------+--------+--------+--------+-----+--------+
         Total |   2955 |   2887 |     68 |    246 |   2065 |   4 |  738.8 |
       Dungeon |   2955 |   2887 |     68 |    246 |   2065 |   4 |  738.8 |
               +--------+--------+--------+--------+--------+-----+--------+

Top non-repeatable levels by time:
     D:3: 984 daAuts
     D:1: 878 daAuts
     D:2: 744 daAuts
     D:4: 347 daAuts
